Map: Heavy Artillery LE

Players

Ryborgg - Winner!

  • Race: Zerg Zerg
  • League: Platinum
  • Spawn Location: 1:00

LikeSmoke - Winner!

  • Race: Protoss Protoss
  • League: Diamond
  • Spawn Location: 3:00

Massa

  • Race: Terran Terran
  • League: Gold
  • Spawn Location: 7:00

qqq

  • Race: Protoss Protoss
  • League: Platinum
  • Spawn Location: 7:00

VOD

Have the link to the VOD?

Description

Time

  • Played on: June 6, 2020, 5:26 a.m.
  • Length: 9:23
Show
View Real Time Build Order
Export as new Build Order

Ryborgg Zerg - Winner!

Build Orders: Hatch First, Muta Ling Bane 

Get SALT Encoding   

  12  0:00  Drone  
  13  0:08  Drone  
  14  0:16  Overlord  
  14  0:36  Drone x3  
  17  0:52  Hatchery  
  16  0:59  Extractor  
  16  1:03  Drone  
  16  1:04  Drone  
  17  1:23  Spawning Pool  
  16  1:32  Drone x3  
  20  2:03  Overlord  
  20  2:08  Hatchery  
  20  2:10  Zergling x4  
  20  2:14  Metabolic Boost  
  21  2:22  Zergling x2  
  22  2:28  Queen  
  24  2:35  Zergling x2  
  25  2:39  Baneling Nest  
  24  2:50  Zergling x4  
  26  3:03  Queen  
  28  3:11  Drone x2  
  30  3:29  Zergling x4  
  32  3:34  Spore Crawler  
  33  3:48  Drone x5  
  35  3:50  Overlord  
  36  4:04  Lair  
  36  4:08  Extractor  
  35  4:17  Hatchery  
  33  4:29  Zergling x6  
  33  4:30  Zergling x10  
  41  4:44  Drone  
  43  4:45  Drone  
  43  4:55  Overlord x3  
  43  5:00  Baneling x2  
  43  5:01  Baneling x7  
  43  5:02  Baneling  
  43  5:15  Drone x7  
  49  5:29  Queen  
  49  5:36  Drone x2, Extractor  
  49  5:37  Drone, Extractor  
  43  6:06  Spire  
  43  6:11  Drone x2, Spore Crawler x2  
  38  6:12  Drone x2  
  38  6:13  Drone x4  
  44  6:23  Zergling x6  
  46  6:33  Pneumatized Carapace  
  46  6:43  Baneling x2  
  46  6:44  Baneling x2  
  46  6:45  Baneling x2  
  46  6:47  Centrifical Hooks  
  46  6:58  Zergling x4  
  46  6:59  Zergling x12  
  54  7:24  Drone x4  
  54  7:25  Drone x4  
  54  7:26  Zergling x8  
  54  7:27  Zergling x4  
  68  7:43  Overlord x2  
  68  7:44  Overlord  
  66  7:52  Baneling  
  66  7:53  Baneling x4  
  66  7:55  Mutalisk x2  
  66  7:58  Mutalisk  
  70  8:03  Drone x2  
  70  8:04  Drone  
  75  8:21  Drone x2, Extractor  
  75  8:22  Extractor, Mutalisk x4  
  75  8:23  Mutalisk  
  85  8:27  Baneling x4  
  85  8:28  Baneling  
  85  8:41  Mutalisk x4  
  93  8:49  Drone x4  
  93  8:51  Overlord  
  93  8:52  Overlord  
Show
View Real Time Build Order
Export as new Build Order

LikeSmoke Protoss - Winner!

Build Orders:  

Get SALT Encoding   

  12  0:01  Probe  
  13  0:13  Probe  
  14  0:17  Pylon  
  14  0:25  Probe  
  15  0:37  Probe  
  15  0:41  Gateway  
  16  0:44  Assimilator  
  16  0:49  Probe  
  17  1:01  Probe  
  18  1:16  Probe  
  19  1:43  Zealot (Chrono Boost)  
  19  1:46  Cybernetics Core  
  21  1:49  Pylon  
  21  2:05  Zealot (Chrono Boost)  
  23  2:26  Zealot (Chrono Boost)  
  25  2:42  Probe  
  26  2:44  Adept  
  28  3:14  Stalker (Chrono Boost)  
  28  3:16  Gateway  
  28  3:17  Assimilator  
  30  3:20  Pylon  
  30  3:32  Gateway x2  
  30  3:37  Shield Battery  
  30  3:44  Stalker (Chrono Boost)  
  32  3:52  Warp Gate  
  32  4:11  Nexus  
  32  4:16  Zealot (Chrono Boost)  
  34  4:36  Stalker  
  34  4:37  Stalker  
  38  4:52  Pylon  
  38  5:09  Stalker  
  40  5:48  Stalker  
  40  5:49  Stalker x3  
  36  6:19  Probe x2 (Chrono Boost)  
  36  6:20  Gateway  
  38  6:31  Probe x2 (Chrono Boost)  
  40  6:37  Robotics Facility  
  40  6:39  Probe x2 (Chrono Boost)  
  38  6:40  Twilight Council  
  38  6:43  Gateway  
  38  6:44  Gateway  
  38  6:45  Probe x2  
  38  6:57  Probe  
  38  6:58  Probe  
  38  6:59  Assimilator  
  40  7:04  Assimilator  
  40  7:05  Pylon  
  40  7:09  Probe  
  40  7:10  Probe  
  42  7:15  Pylon  
  42  7:17  Blink (Chrono Boost)  
  42  7:25  Warp Prism  
  42  7:27  Probe  
  45  7:32  Sentry  
  47  7:37  Probe  
  47  7:40  Probe  
  47  7:42  Sentry  
  51  7:47  Stalker  
  51  7:49  Probe  
  54  7:58  Pylon  
  54  8:07  Stalker x2  
  58  8:23  Stalker x3  
  64  8:44  Stalker x4  
  72  9:19  Stalker x4  
  72  9:20  Stalker  
Show
View Real Time Build Order
Export as new Build Order

Massa Terran 

Build Orders:  

Get SALT Encoding   

  12  0:07  SCV  
  13  0:16  Supply Depot  
  13  0:19  SCV  
  14  0:31  SCV  
  15  0:43  SCV  
  16  0:56  SCV  
  17  1:08  SCV  
  18  1:14  Barracks  
  18  1:20  SCV  
  18  1:21  Barracks  
  18  1:24  Refinery  
  19  1:32  SCV  
  20  1:44  SCV  
  21  1:56  SCV  
  21  2:00  Barracks  
  21  2:01  Barracks  
  22  2:04  Marine  
  23  2:10  Bunker  
  23  2:26  Supply Depot  
  23  2:29  Supply Depot  
  23  2:45  Barracks  
  23  2:47  SCV, Marine x2  
  23  2:50  Supply Depot  
  22  3:27  SCV  
  23  3:36  Marine  
  23  3:39  SCV  
  25  3:46  Factory  
  25  3:48  Barracks  
  25  3:50  Supply Depot  
  25  3:53  Marine  
  26  3:55  Command Center  
  26  3:56  Marine  
  27  4:10  Marine x2  
  31  4:21  Orbital Command  
  31  4:28  Marine x2  
  28  4:49  Marine  
  29  4:54  Factory Tech Lab  
  29  4:55  Barracks Reactor x2  
  29  4:58  Marine  
  30  5:07  Marine  
  30  5:08  Engineering Bay  
  31  5:16  Marine  
  32  5:26  Siege Tank  
  28  5:33  Marine x2  
  28  5:34  Marine x3  
  33  5:42  Marine  
  28  5:51  Marine x3  
  28  5:52  Marine x2  
  14  6:09  Marine x3  
  14  6:18  Siege Tank  
  14  6:22  SCV  
  18  6:45  SCV  
  19  6:48  SCV  
  20  6:57  SCV  
  21  7:10  SCV x2  
  23  7:22  SCV  
  24  7:36  SCV x2  
  26  7:48  SCV x2  
  28  8:00  SCV x2  
  30  8:12  SCV x2  
  32  8:25  Marine  
  32  8:26  Marine x4  
  37  8:29  SCV x2  
  39  8:42  Refinery  
  39  8:43  Marine x2  
  39  8:44  Marine x2  
  43  8:50  Siege Tank  
  43  8:53  Marine x3  
  49  9:04  Marine x3  
  49  9:07  SCV  
Show
View Real Time Build Order
Export as new Build Order

qqq Protoss 

Build Orders:  

Get SALT Encoding   

  12  0:05  Probe  
  13  0:15  Pylon  
  13  0:26  Probe  
  14  0:33  Forge  
  14  0:38  Probe  
  15  0:50  Probe  
  16  1:01  Pylon  
  16  1:02  Pylon  
  15  1:17  Pylon  
  15  1:21  Probe  
  16  1:31  Photon Cannon  
  15  1:42  Probe  
  16  1:54  Probe  
  17  2:02  Pylon  
  17  2:06  Probe  
  17  2:07  Photon Cannon  
  18  2:09  Photon Cannon  
  18  2:17  Photon Cannon  
  18  2:24  Pylon  
  18  2:33  Photon Cannon  
  16  2:51  Gateway  
  16  3:00  Probe  
  18  3:12  Probe  
  18  3:14  Assimilator  
  18  3:18  Assimilator  
  18  3:24  Probe  
  19  3:37  Probe  
  19  3:39  Cybernetics Core  
  20  3:49  Probe  
  20  3:53  Pylon  
  21  4:01  Probe  
  22  4:06  Nexus  
  22  4:18  Stargate  
  22  4:25  Pylon  
  22  5:01  Void Ray (Chrono Boost)  
  26  5:10  Stargate  
  26  5:19  Zealot  
  28  5:35  Probe  
  7  5:46  Zealot  
  7  5:47  Probe  
  10  5:50  Probe  
  11  5:59  Probe  
  11  6:02  Probe  
  10  6:14  Probe, Pylon  
  10  6:26  Probe  
  11  6:38  Probe (Chrono Boost)  
  12  6:51  Probe (Chrono Boost)  
  13  6:58  Probe (Chrono Boost)  
  14  7:05  Probe  
  15  7:17  Probe (Chrono Boost)  
  16  7:29  Probe (Chrono Boost)  
  17  7:35  Probe (Chrono Boost)  
  18  7:43  Probe  
  19  7:55  Probe  
  20  8:08  Void Ray  
  20  8:09  Probe  
  25  8:21  Probe  
  25  8:23  Zealot  
  28  8:33  Probe  
  25  8:45  Probe  
  30  8:57  Probe  
Tags
 
Add a new tag
Caveats
  • Supply blocks, unpowered buildings, or Contaminate may cause inaccurate times.
  • Supply counts are checked every 10 seconds.